 Dungeon Crawl Stone Soup version 0.17-a0-1636-g3119f2b (webtiles) character file.

66 JEM123 the Firebug (level 4, -3/24 HPs)
             Began as a Gargoyle Fire Elementalist on Aug 7, 2015.
             Slain by a phantom (5 damage)
             ... on level 4 of the Dungeon.
             The game lasted 00:20:07 (1620 turns).

JEM123 the Firebug (Gargoyle Fire Elementalist)     Turns: 1620, Time: 00:20:07

Health: -3/24      AC:  5    Str: 10    XL:     4   Next: 15%
Magic:  1/2        EV: 17    Int: 16    God:
Gold:   43         SH:  0    Dex: 10    Spells: 2 memorised, 5 levels left

rFire  + . .     SeeInvis .     d - +2 hand axe (antimagic)
rCold  x . .     Clarity  .     a - +0 robe
rNeg   + . .     SustAt   .     (no shield)
rPois  ∞         Gourm    .     (no helmet)
rElec  +         Spirit   .     (no cloak)
rCorr  .         Warding  .     (no gloves)
rMut   .         Stasis   .     (no boots)
MR     .....                    (no amulet)
Stlth  ++........               g - +5 ring of evasion
                                q - ring of fire

@: very slightly contaminated, not resistant to hostile enchantments, unstealthy
A: negative energy resistance 1, screaming 1, electricity resistance, weak 1,
unbreathing, petrification resistance, rot immunity, subdued magic 1, AC +3
a: no special abilities


You were on level 4 of the Dungeon.
You were not hungry.

You visited 1 branch of the dungeon, and saw 4 of its levels.

You collected 43 gold pieces.

Inventory:

Hand weapons
 d - a +2 antimagic hand axe (weapon)
 h - a +0 hunting sling
 l - a +0 mace
Missiles
 n - 65 stones (quivered)
 s - 15 exploding sling bullets
Armour
 a - a +0 robe (worn)
Jewellery
 g - a +5 ring of evasion (right hand)
 m - an uncursed ring of protection from fire
 q - a ring of fire (left hand)
Magical devices
 e - a wand of teleportation (1)
Scrolls
 p - 2 scrolls of identify {unknown}
 r - a scroll of remove curse
 t - a scroll of recharging {unknown}
 u - a scroll of enchant weapon
Potions
 i - 3 potions of curing
 k - a potion of mutation
 o - a potion of brilliance {unknown}
Books
 b - a book of Flames

   Spells                             Type                      Level
   a - Flame Tongue                   Conjuration/Fire             1
   b - Throw Flame                    Conjuration/Fire             2
   c - Conjure Flame                  Conjuration/Fire             3
   d - Inner Flame                    Hexes/Fire                   3
   e - Sticky Flame                   Conjuration/Fire             4
   f - Fireball                       Conjuration/Fire             5
Comestibles
 c - 2 bread rations
 j - 2 slices of pizza


   Skills:
 - Level 1.5 Dodging
 - Level 2.1 Stealth
 * Level 2.9 Spellcasting
 - Level 2.0 Conjurations
 * Level 3.9 Fire Magic


You had 5 spell levels left.
You knew the following spells:

 Your Spells              Type           Power        Failure   Level  Hunger
a - Flame Tongue          Conj/Fire      ##...        3%          1    #......
b - Throw Flame           Conj/Fire      ##....       4%          2    ##.....


Dungeon Overview and Level Annotations

Branches:
Dungeon (4/15)
 Temple: D:4-7

Altars:

Annotations:
D:2 Jessica


Innate Abilities, Weirdness & Mutations

You are resistant to torment.
Your stone body is resilient (AC +3).
You are immune to poison.
You resist negative energy.
You are resistant to electric shocks.
You can survive without breathing.
You are immune to petrification.
You are immune to rotting.
You occasionally shout uncontrollably at your foes.
You are weak. (Str -2)
Your spells are a little easier to cast, but a little less powerful.


Message History

The phantom barely misses you.
You barely miss the phantom.
The phantom is moderately damaged.
The phantom completely misses you. The phantom hits you.
* * * LOW HITPOINT WARNING * * *
The phantom blinks!
You see here a scroll of remove curse.
The phantom blinks!
Casting: Flame Tongue
Confirm with . or Enter, or press ? or * to list all spells.
Aiming: Flame Tongue
Press: ? - help, Shift-Dir - straight line, f/p - phantom
Aim: a phantom (lightly damaged)
You feel a surge of power!
You miscast Flame Tongue.
You are very lightly contaminated with residual magic.
Wisps of smoke drift from your hands.
You hit the phantom.
The phantom's magic leaks into the air.
The phantom is moderately damaged.
The phantom hits you.
You die...

#...# #...# +...#
###+#...+
#.......#+#####+##
###+#................#+#
........................
..........?.....@W......
.....#+###'##+####+##...
.....#..'.........
##...#..##+###+##.
#...#'### #...+...+
+...#.### #...#'###.##.
#...#........


You could see a phantom.

Vanquished Creatures
  An iguana (D:4)
  An ooze (D:3)
  A giant gecko (D:3)
  2 orcs (D:3)
  A ball python (D:3)
  2 goblins (D:3)
  3 hobgoblins (D:3)
  5 jackals
  A quokka (D:3)
  5 bats
  3 giant cockroaches
  A giant newt (D:3)
  5 kobolds
  5 rats
36 creatures vanquished.

Notes
Turn   | Place    | Note
--------------------------------------------------------------
     0 | D:1      | JEM123 the Gargoyle Fire Elementalist began the quest for the Orb.
     0 | D:1      | Reached XP level 1. HP: 10/10 MP: 3/3
   957 | D:2      | Reached XP level 2. HP: 15/15 MP: 3/5
  1129 | D:2      | Noticed Jessica
  1206 | D:3      | Reached XP level 3. HP: 13/19 MP: 0/6
  1493 | D:3      | Learned a level 2 spell: Throw Flame
  1513 | D:3      | Noticed an iguana
  1541 | D:4      | Gained mutation: You occasionally shout uncontrollably at your foes. [potion of mutation]
  1541 | D:4      | Gained mutation: Your spells are a little easier to cast, but a little less powerful. [potion of mutation]
  1541 | D:4      | Gained mutation: You are weak. (Str -2) [potion of mutation]
  1576 | D:4      | Reached XP level 4. HP: 12/24 MP: 1/8
  1587 | D:4      | Noticed a phantom
  1610 | D:4      | HP: 1/24 [phantom (5)]
  1620 | D:4      | Slain by a phantom

Vault maps used:
D:1:      roderic_dead_forest
D:2:      minitemple, uniq_jessica
D:3:      first_bread, minmay_divided_ellipse, uniq_grinder
D:4:      serial_shops, nicolae_shop_behind_doors

Action                   |  1- 3 |  4- 6 || total
-------------------------+-------+-------++-------
Melee: Hand axe          |    31 |    15 ||    46
       Hunting sling     |     1 |       ||     1
 Fire: Hunting sling     |    62 |       ||    62
 Cast: Flame Tongue      |    32 |     3 ||    35
       Throw Flame       |     1 |       ||     1
  Use: Scroll            |     2 |       ||     2
       Potion            |     3 |       ||     3
  Eat: Chunk             |     3 |       ||     3
